 Dungeon Crawl Stone Soup version 0.31-a0-620-gd1cbd99268 (webtiles) character file.

Game seed: 14077720886968947861

1472 mdonais the Trooper (level 8, -2/58 HPs)
             Began as an Octopode Reaver on Aug 23, 2023.
             Was a Follower of Ashenzari.
             Slain by Pikel
             ... wielding a +2 whip of flaming
              (11 damage)
             ... on level 6 of the Dungeon.
             The game lasted 00:27:14 (5742 turns).

mdonais the Trooper (Octopode Reaver)               Turns: 5742, Time: 00:27:15

Health: -2/58      AC:  1    Str: 11    XL:     8   Next: 78%
Magic:  11/11      EV: 12    Int: 15    God:    Ashenzari [*.....]
Gold:   294        SH: 11    Dex: 13    Spells: 8/11 levels left

rFire   . . .        k - +0 rapier "Ordeal of Ashenzari" {Fort, Dev} (curse)
rCold   . . .        j - +1 kite shield "Omen of the Ruined Seer" {Alch, Elem} (curse)
rNeg    . . .        (helmet currently unavailable)
rPois   +            (no amulet)
rElec   .            o - ring of the Bound Seer {rPois, Fort, Melee} (curse)
rCorr   .            t - ring of wizardry
SInv    .            (no ring)
Will    .....        (no ring)
Stlth   +++          (no ring)
HPRegen 0.29/turn    (no ring)
MPRegen 0.12/turn    (no ring)
                     (no ring)

%: wizardry (x1)
@: beast-form
A: beast (slay +1), almost no armour, amphibious, 8 rings, camouflage 1,
gelatinous body 1, (nimble swimmer 1), tentacles, tentacle spike 1
a: Begin Untransformation, Renounce Religion, Shatter the Chains


You were on level 6 of the Dungeon.
You worshipped Ashenzari.
Ashenzari was aware of your devotion.
You were a hulking beast.
You visited 1 branch of the dungeon, and saw 6 of its levels.

You collected 294 gold pieces.

Inventory:

Hand Weapons
 i - a +1 dagger of venom
   (You took it off an orc on level 5 of the Dungeon)
 k - the cursed +0 rapier "Ordeal of Ashenzari" (weapon) {Fort, Dev}
   (You found it on level 4 of the Dungeon)

   It has a curse which improves the following skills: Fortitude: Shields.
   Devices:   Evocations and Shapeshifting.
 u - a +3 spear
   (You took it off a gnoll on level 6 of the Dungeon)
Missiles
 q - 6 poisoned darts
 F - 5 curare-tipped darts
 J - 6 atropa-tipped darts (quivered)
 Z - 2 throwing nets {=!f}
Armour
 e - a +0 tower shield
   (You found it on level 1 of the Dungeon)
 j - the cursed +1 kite shield "Omen of the Ruined Seer" (worn) {Alch, Elem}
   (You found it on level 1 of the Dungeon)

   It has a curse which improves the following skills: Alchemy: Poison Magic and
   Transmutations.
   Elements:  Fire Magic, Ice Magic, Air Magic and Earth Magic.
Magical Staves
 a - a staff of fire
   (You found it on level 5 of the Dungeon)
Jewellery
 o - the cursed ring of the Bound Seer (left tentacle) {rPois, Fort, Melee}
   (You found it on level 2 of the Dungeon)

   [ring of poison resistance]

   rPois:     It protects you from poison It has a curse which improves the
   following skills: Fortitude: Shields.
   Melee Combat: Short Blades, Long Blades, Axes, Maces & Flails, Polearms,
   Staves and Unarmed Combat.
 t - a ring of wizardry (right tentacle)
   (You found it on level 5 of the Dungeon)
Talismans
 m - a beast talisman (active)
   (You found it on level 3 of the Dungeon)
Wands
 s - a wand of charming (10)
   (You took it off an orc on level 5 of the Dungeon)
 V - a wand of flame (16)
   (You took it off Robin on level 4 of the Dungeon)
Scrolls
 d - a scroll of amnesia
 f - 2 scrolls of immolation
 g - a scroll of fear
 p - a scroll of silence
 B - a scroll of blinking
Potions
 c - 2 potions of brilliance
 h - 2 potions of magic
 l - a potion of resistance
 n - a potion of attraction
 r - a potion of might
 Q - a potion of curing


   Skills:
 + Level 6.6 Fighting
 - Level 3.0(3.6) Short Blades
 - Level 3.0 Dodging
 + Level 3.6 Stealth
 - Level 6.2(7.4) Shields
 - Level 2.0 Spellcasting
 - Level 3.0 Conjurations
 - Level 0.6 Translocations
 - Level 2.5(3.2) Evocations
 - Level 2.3(3.0) Shapeshifting


You had 8 spell levels left.
You knew the following spells:

 Your Spells              Type           Power      Damage    Failure   Level
a - Kiss of Death         Conj/Necr      24%        2d7       16%         1
b - Momentum Strike       Conj/Tloc      12%        3d8       21%         2

Your spell library contained the following spells:

 Spells                   Type           Power      Damage    Failure   Level
 Cigotuvi's Dreadful Rot  Necr/Pois/Air  2%         N/A       38%         2
 Hailstorm                Conj/Ice       6%         3d4       41%         3
 Frozen Ramparts          Ice            2%         1d1       61%         3
 Ignite Poison            Fire/Tmut/Pois 1%         N/A       61%         3
 Inner Flame              Hex/Fire       1%         N/A       61%         3
 Flame Wave               Conj/Fire      6%         2d5       80%         4
 Sticky Flame             Conj/Fire      6%         2d3       80%         4
 Petrify                  Tmut/Erth      1%         N/A       93%         4
 Freezing Cloud           Conj/Ice/Air   2%         6-21      99%         5
 Metabolic Englaciation   Hex/Ice        0%         N/A       99%         5


Dungeon Overview and Level Annotations

Branches:
Dungeon (6/15) Zot: 26504  Temple (0/1) D:4

Altars:
Ashenzari
Fedhas
Gozag
Nemelex Xobeh
Wu Jian

Annotations:
D:5 potion
D:6 Pikel


Innate Abilities, Weirdness & Mutations

You are a hulking beast.
Your limbs bulge with bestial killing power. (Slay +1)
You cannot wear most types of armour.
You are amphibious.
You can wear up to eight rings at the same time.
Your skin changes colour to match your surroundings (Stealth+).
Your rubbery body absorbs attacks. (AC +1, EV +1)
((You are camouflaged when in or above water. (Stealth+)))
You have tentacles for arms and can constrict up to eight enemies at once.
One of your tentacles bears a spike.


Message History

You take 5 damage, and have 36/58 hp.
You hit the lemure.
You pierce the lemure, but do no damage.
You tentacle-slap the lemure.
The lemure is almost dead.
You constrict the lemure, but do no damage.
You block the lemure's attack. The lemure hits you. x2
You take 7 damage, and have 29/58 hp.
You are too injured to fight recklessly!
You hit the lemure.
You kill the lemure!
That felt strangely unrewarding.
You block the lemure's attack. The lemure completely misses you.
Okay, then.
Pikel, Merchant of Souls comes into view.
He is wielding a +2 whip of flaming.
The lemure attacks as it pursues you! The lemure hits you!
You take 9 damage, and have 21/58 hp.
The lemure attacks as it pursues you! The lemure misses you.
The lemure attacks as it pursues you! The lemure hits you.
You take 3 damage, and have 18/58 hp.
There is a stone staircase leading up here.
The lemure hits you.
* * * LOW HITPOINT WARNING * * *
The lemure hits you.
* * * LOW HITPOINT WARNING * * *
You climb upwards.
Level annotation: potion
There is a stone staircase leading down here.
You take 4 damage, and have 14/58 hp.
Aiming: Charm
Press: ? - help, Shift-Dir - straight line, f - lemure
Aim: a lemure (chance to affect: 57%)
The lemure resists with significant effort.
You block the lemure's attack. The lemure barely misses you.
You hit the lemure. Your grab misses the lemure.
You pierce the lemure, but do no damage.
The lemure is lightly wounded.
You block the lemure's attack. The lemure hits you.
* * * LOW HITPOINT WARNING * * *
You take 3 damage, and have 11/58 hp.
You hit the lemure. Your grab misses the lemure.
Your tentacle spike misses the lemure.
The lemure is moderately wounded.
The lemure misses you. You block the lemure's attack. The lemure hits you.
* * * LOW HITPOINT WARNING * * *
You take 1 damage, and have 10/58 hp.
You barely miss the lemure. Your grab misses the lemure.
Your tentacle spike misses the lemure.
The lemure is moderately wounded.
You block the lemure's attack. The lemure hits you.
* * * LOW HITPOINT WARNING * * *
The lemure hits you.
* * * LOW HITPOINT WARNING * * *
You take 6 damage, and have 4/58 hp.
You feel better. The lemure misses you. The lemure hits you.
* * * LOW HITPOINT WARNING * * *
You regained 10 hp, and now have 14/58 hp.
A red film seems to cover your vision as you go berserk!
You feel yourself moving faster!
You feel mighty! The lemure closely misses you. The lemure barely misses you.
You now have 21/87 hp.
You barely miss the lemure. You grab the lemure.
The lemure is moderately wounded.
You constrict the lemure, but do no damage.
You hit the lemure.
You pierce the lemure.
The lemure is severely wounded.
You constrict the lemure, but do no damage.
You block the lemure's attack. The lemure hits you!
* * * LOW HITPOINT WARNING * * *
You take 8 damage, and have 13/87 hp.
You hit the lemure but do no damage.
You pierce the lemure.
You squeeze the lemure!
You kill the lemure!
That felt strangely unrewarding.
The lemure hits you.
* * * LOW HITPOINT WARNING * * *
You take 3 damage, and have 10/87 hp.
You puncture the lemure! Your grab misses the lemure.
You pierce the lemure!
You squeeze the lemure.
You kill the lemure!
That felt strangely unrewarding.
Calm down first, please.
Unknown command.
You feel a strong urge to attack something.
You are no longer berserk.
You are exhausted.
You feel yourself slow down.
You now have 7/58 hp.
You feel yourself speed up.
You recover from your berserk rage.
HP restored.
Partly explored, can't reach some items and places.
Health restored: 58
There is a stone staircase leading down, spattered with blood here.
You climb downwards.
Level annotation: Pikel You block Pikel's attack.
The lemure barely misses you.
Pikel hits you with a +2 whip of flaming!
Pikel burns you. The lemure closely misses you.
There is a stone staircase leading up, spattered with blood here.
You take 13 damage, and have 45/58 hp.
MASSIVE DAMAGE!!
You hit Pikel. Your grab misses Pikel.
Your tentacle spike misses Pikel.
Pikel is lightly wounded.
Pikel hits you with a +2 whip of flaming!
Pikel burns you. You block the lemure's attack.
You take 14 damage, and have 31/58 hp.
MASSIVE DAMAGE!!
You hit Pikel. You grab Pikel.
You pierce Pikel, but do no damage.
You squeeze Pikel, but do no damage.
Pikel is lightly wounded.
You constrict Pikel, but do no damage. Pikel barely misses you.
The lemure hits you!
You take 7 damage, and have 24/58 hp.
You hit Pikel.
You pierce Pikel.
Pikel is moderately wounded.
You constrict Pikel, but do no damage.
Pikel hits you with a +2 whip of flaming!
Pikel burns you.
* * * LOW HITPOINT WARNING * * *
The lemure hits you!
* * * LOW HITPOINT WARNING * * *
You take 17 damage, and have 7/58 hp.
MASSIVE DAMAGE!!
Okay, then.
Unknown command.
As you read the scroll of fear, it crumbles to dust.
You assume a fearsome visage.
Pikel looks frightened!
The lemure looks frightened!
You constrict Pikel.
Pikel struggles to escape constriction.
You constrict Pikel.
Pikel struggles to escape constriction.
You constrict Pikel.
Pikel escapes!
Aiming: Throw Flame
Press: ? - help, Shift-Dir - straight line, f - Pikel
Aim: Pikel, wielding a +2 whip of flaming and wearing a +0 robe (moderately wounded, fleeing, 64% to hit)
The puff of flame hits Pikel.
Pikel is heavily wounded.
Your attack snaps Pikel out of his fear.
Aiming: Iceblast
Press: ? - help, Shift-Dir - straight line, f/p - Pikel
Aim: Pikel, wielding a +2 whip of flaming and wearing a +0 robe (heavily wounded)
The mass of ice explodes!
The iceblast engulfs Pikel!
Pikel is severely wounded.
Aiming: Iceblast
Press: ? - help, Shift-Dir - straight line, f/p - Pikel
Aim: Pikel, wielding a +2 whip of flaming and wearing a +0 robe (severely wounded)
The mass of ice explodes!
The iceblast engulfs Pikel!
Pikel is almost dead.
The now-empty wand crumbles to dust.
You hit Pikel but do no damage. Your grab misses Pikel.
Pikel is almost dead.
Pikel hits you with a +2 whip of flaming!
You die...
Pikel says, "Another soul for the market."

.....>...# .# .
####.##### ##.## .# ..
##.##### #...# Y#.## .
##......# #...# ....#..
##.....#.####...#
####.#....
#........##.....#
#....5..#
#........##.....####.#
...
#...........P.?......##.#
#.............P.hK......#
#.#..........<.......##.#
#.##..#.#####...####.# .#
#. #..#.# #...# #....5
......# #...# ######.
###.#### #...# .# #.
#...# # ##.## #.#


You could see Pikel.

Vanquished Creatures
  Grinder (D:4)
  A water moccasin (D:5)
  A sky beast (D:5)
  2 ogres (D:4)
  3 lemures
  Blork the orc (D:4)
  3 scorpions
  5 hounds
  3 iguanas (D:5)
  2 jellies
  Ijyb (D:4)
  An orc wizard (D:5)
  Natasha (thrice) (D:2)
  Robin (D:4)
  9 gnolls
  5 adders
  An ufetubus (D:5)
  A worm (D:3)
  2 dart slugs
  9 orcs
  4 endoplasms
  4 giant cockroaches
  13 goblins
  10 hobgoblins
  4 jackals
  2 quokkas
  4 ball pythons
  7 bats
  A frilled lizard (D:2)
  5 kobolds
  4 rats
113 creatures vanquished.

Vanquished Creatures (others)
  A phantom (D:5)
1 creature vanquished.

Grand Total: 114 creatures vanquished

Notes
Turn   | Place    | Note
-------+----------+-------------------------------------------
     0 | D:1      | mdonais the Octopode Reaver began the quest for the Orb.
     0 | D:1      | Reached XP level 1. HP: 14/14 MP: 3/3
     1 | D:1      | Noticed an electric eel
   102 | D:1      | Reached skill level 1 in Stealth
   201 | D:1      | Reached XP level 2. HP: 19/19 MP: 5/5
   218 | D:1      | Learned a level 2 spell: Momentum Strike
   771 | D:2      | Reached XP level 3. HP: 25/25 MP: 6/6
   951 | D:2      | Noticed Natasha
   960 | D:2      | Killed Natasha
   976 | D:2      | Noticed Natasha
  1152 | D:3      | Reached XP level 4. HP: 30/31 MP: 7/7
  1399 | D:3      | Found a broken altar of Ashenzari.
  1419 | D:3      | Became a worshipper of Ashenzari the Shackled
  2025 | D:4      | Noticed a scorpion
  2042 | D:4      | Killed a scorpion
  2043 | D:4      | Reached XP level 5. HP: 16/38 MP: 3/8
  2161 | D:4      | Found a staircase to the Ecumenical Temple.
  2180 | D:4      | Noticed Ijyb
  2289 | D:4      | Killed Ijyb
  2290 | D:4      | Reached skill level 5 in Fighting
  2393 | D:4      | Found an ornate altar of the Wu Jian Council.
  2410 | D:4      | Noticed an ogre
  2425 | D:4      | Noticed Robin
  2425 | D:4      | Noticed an ogre
  2435 | D:4      | Killed an ogre
  2436 | D:4      | Reached XP level 6. HP: 21/45 MP: 9/9
  2534 | D:4      | Killed Robin
  2548 | D:4      | Noticed Grinder
  2570 | D:4      | Killed Grinder
  2571 | D:4      | Reached XP level 7. HP: 33/50 MP: 10/10
  2839 | D:4      | Reached skill level 5 in Shields
  3134 | D:4      | Reached * piety under Ashenzari
  3136 | D:4      | Gained mutation: One of your tentacles bears a spike.
                  | [potion of mutation]
  3155 | D:4      | Noticed Blork the orc
  3165 | D:4      | Killed Blork the orc
  3358 | D:2      | Killed Natasha
  3688 | D:2      | Noticed Natasha
  3697 | D:2      | Killed Natasha
  3698 | D:2      | Reached XP level 8. HP: 47/56 MP: 11/11
  4025 | D:5      | Entered Level 5 of the Dungeon
  4372 | D:5      | Found a blossoming altar of Fedhas.
  4534 | D:5      | Found a sparkling altar of Nemelex Xobeh.
  4833 | D:5      | Found an opulent altar of Gozag.
  4893 | D:5      | Reached skill level 1 in Shapeshifting
  5548 | D:6      | Noticed Pikel
  5742 | D:6      | Slain by Pikel

Illustrated notes

Levels and vault maps discovered:
D:1:      arrival_aquarium_a, layout_basic
D:2:      layout_rooms, chequers_serial_rivers_micro_a, uniq_natasha
D:3:      layout_loops_corners, cheibrodos_ashenzari_chains,
          minmay_misc_feat_five
D:4:      layout_gridville, old_standard_altar, minmay_temple_entry_overgrown,
          hex_medium, uniq_blork_the_orc, uniq_grinder, uniq_ijyb, uniq_robin
D:5:      layout_basic, overflow_temple_1_default,
          mainiacjoe_overflow_boulevard, fedhas_altar_2, lemuel_flame_loot_1
D:6:      layout_loops_cross, mainiacjoe_overflow_big_doors, serial_undead,
          serial_undead_d, serial_undead_e, serial_undead_a, serial_undead_d,
          uniq_pikel

Skill      XL: |  1  2  3  4  5  6  7  8 |
---------------+-------------------------+-----
Stealth        | 2 3 |  3.6
Fighting       | 3 4 5 6 |  6.6
Shields        | 2 4 5 6 |  6.2
Evocations     | 2 |  2.5
Dodging        | 3 |  3.0
Shapeshifting  | 2 |  2.3
Short Blades   | |  3.0
Spellcasting   | |  2.0
Conjurations   | |  3.0
Translocations | |  0.6

Action                     |  1- 3 |  4- 6 |  7- 9 || total
---------------------------+-------+-------+-------++-------
  Melee: Short sword       |    70 |    40 |       ||   110
         Constrict         |    15 |    20 |    37 ||    72
         Tentacles         |    11 |    15 |    36 ||    62
         Rapier            |       |    30 |   147 ||   177
         Kick              |       |       |    51 ||    51
         Punch             |       |       |     4 ||     4
  Throw: Dart              |       |     4 |     5 ||     9
   Cast: Momentum Strike   |       |     2 |       ||     2
 Invoke: Curse Item        |       |     1 |     2 ||     3
  Evoke: Wand              |       |     5 |     6 ||    11
    Use: Scroll            |     3 |       |     5 ||     8
         Potion            |       |     2 |     3 ||     5
   Stab: Sleeping          |    10 |     6 |     6 ||    22
         Distracted        |     1 |       |     2 ||     3
         Invisible         |       |     1 |     2 ||     3
 Armour: Skin              |    14 |     1 |     6 ||    21
  Dodge: Dodged            |    38 |    24 |    51 ||   113
  Block: Kite shield       |       |     1 |    69 ||    70
   Form: Beast             |       |       |     1 ||     1

Table legend: (Time is in decaauts)
 A = Elapsed time spent in this place.
 B = Non-inter-level travel time spent in this place.
 C = Inter-level travel time spent in this place.
 D = Time resting spent in this place.
 E = Time spent auto-exploring this place.
 F = Levels seen in this place.
 G = Mean time per level.
                   A        B        C        D        E       F      G
               +--------+--------+--------+--------+--------+-----+--------+
         Total |   5779 |   5627 |    152 |    285 |   4230 |   6 |  963.2 |
       Dungeon |   5779 |   5627 |    152 |    285 |   4230 |   6 |  963.2 |
               +--------+--------+--------+--------+--------+-----+--------+

Top non-repeatable levels by time:
     D:5: 1542 daAuts
     D:4: 1241 daAuts
     D:2: 1089 daAuts
     D:3: 999 daAuts
     D:1: 699 daAuts
     D:6: 206 daAuts
